2961 views
Uploaded 2020-04-19 17:02:59
Game version 1.32.3
14:18 long 1on1 custom game on (4)TwistedMeadows
Game name "W3Champions-20-Mwf6NlSGAw"
Saved by Dziango
2961 views
Uploaded 2020-04-19 17:02:59
Game version 1.32.3
14:18 long 1on1 custom game on (4)TwistedMeadows
Game name "W3Champions-20-Mwf6NlSGAw"
22 units @ 3.6k
/ 0.5k
12 buildings @ 2k
/ 0.6k



| Rod of Necromancy | 3 | 450 |
| Orb of Corruption | 1 | 375 |
| Dust of Appearance | 1 | 75 |
| Scroll of Healing | 1 | 250 |
| Potion of Lesser Invulnerability | 1 | 150 |
| total: | 7 | 1300g |
| Acolyte | 6 | 450 | / | 0 |
| Ghoul | 3 | 360 | / | 0 |
| Crypt Fiend | 10 | 2150 | / | 400 |
| Obsidian Statue | 3 | 600 | / | 105 |
| total: | 22 | 3560g | / | 505w |
| Ziggurat | 6 | 900 | / | 300 |
| Altar of Darkness | 1 | 180 | / | 50 |
| Crypt | 1 | 200 | / | 50 |
| Tomb of Relics | 1 | 130 | / | 30 |
| Graveyard | 1 | 215 | / | 0 |
| Necropolis | 1 | 225 | / | 0 |
| Slaughterhouse | 1 | 140 | / | 135 |
| Halls of the Dead | 1 | 320 | / | 210 |
| Black Citadel | 1 | 325 | / | 230 |
| total: | 12 | 1990g | / | 565w |
| 0:01 | Acolyte |
| 0:04 | Ziggurat |
| 0:05 | Altar of Darkness |
| 0:11 | Acolyte |
| 0:32 | Crypt |
| 0:40 | Acolyte |
| 0:56 | Tomb of Relics |
| 1:17 | Graveyard |
| 1:32 | Ghoul |
| 1:47 | Ghoul |
| 2:07 | Rod of Necromancy |
| 2:09 | Dust of Appearance |
| 2:11 | Death Coil |
| 2:34 | Halls of the Dead |
| 2:53 | Ghoul |
| 3:00 | Ziggurat |
| 3:09 | Crypt Fiend |
| 3:09 | Crypt Fiend |
| 3:09 | Crypt Fiend |
| 3:34 | Crypt Fiend |
| 4:03 | Rod of Necromancy |
| 4:28 | Crypt Fiend |
| 4:55 | Unholy Aura |
| 5:18 | Black Citadel |
| 5:33 | Slaughterhouse |
| 5:52 | Ziggurat |
| 6:04 | Rod of Necromancy |
| 6:17 | Frost Nova |
| 6:46 | Ziggurat |
| 6:50 | Death Coil |
| 6:56 | Obsidian Statue |
| 7:07 | Burrow |
| 7:27 | Crypt Fiend |
| 7:52 | Frost Armor |
| 7:56 | Obsidian Statue |
| 8:01 | Backpack |
| 8:25 | Potion of Lesser Invulnerability |
| 8:25 | Scroll of Healing |
| 8:34 | Orb of Corruption |
| 8:49 | Destroyer Form |
| 9:16 | Obsidian Statue |
| 9:22 | Crypt Fiend |
| 9:43 | Creature Attack |
| 9:59 | Unholy Aura |
| 10:00 | Frost Nova |
| 10:13 | Ziggurat |
| 10:32 | Howl of Terror |
| 11:12 | Crypt Fiend |
| 11:33 | Crypt Fiend |
| 11:36 | Ziggurat |
| 11:37 | Acolyte |
| 12:58 | Crypt Fiend |
| 13:33 | Necropolis |
| 13:34 | Acolyte |
| 13:35 | Acolyte |
| 14:00 | Cleaving Attack |
29 units @ 3.1k
/ 0.5k
14 buildings @ 2.4k
/ 1.1k


| Scroll of Healing | 1 | 250 |
| Staff of Teleportation | 1 | 150 |
| Boots of Speed | 1 | 250 |
| Potion of Lesser Invulnerability | 1 | 150 |
| total: | 4 | 800g |
| Wisp | 19 | 1140 | / | 0 |
| Archer | 5 | 650 | / | 50 |
| Druid of the Claw | 3 | 765 | / | 240 |
| Dryad | 1 | 145 | / | 60 |
| Goblin Shredder | 1 | 375 | / | 100 |
| total: | 29 | 3075g | / | 450w |
| Moon Well | 4 | 720 | / | 160 |
| Ancient of War | 2 | 300 | / | 120 |
| Altar of Elders | 1 | 180 | / | 50 |
| Hunter's Hall | 1 | 210 | / | 100 |
| Tree of Life | 1 | 340 | / | 185 |
| Ancient of Wonders | 2 | 180 | / | 60 |
| Ancient of Lore | 3 | 465 | / | 435 |
| Tree of Ages | 1 | 320 | / | 180 |
| Tree of Eternity | 1 | 330 | / | 200 |
| total: | 14 | 2395g | / | 1110w |
| 0:02 | Wisp |
| 0:02 | Wisp |
| 0:18 | Moon Well |
| 0:26 | Ancient of War |
| 0:32 | Wisp |
| 0:36 | Altar of Elders |
| 0:39 | Wisp |
| 1:04 | Wisp |
| 1:04 | Wisp |
| 1:19 | Moon Well |
| 1:23 | Wisp |
| 1:29 | Archer |
| 1:47 | Wisp |
| 1:47 | Wisp |
| 1:54 | Archer |
| 2:12 | Archer |
| 2:34 | Black Arrow |
| 2:51 | Archer |
| 2:55 | Ancient of War |
| 2:56 | Wisp |
| 2:56 | Wisp |
| 3:35 | Tree of Ages |
| 3:42 | Archer |
| 4:33 | Hunter's Hall |
| 4:37 | Moon Well |
| 5:42 | Ultravision |
| 5:59 | Wisp |
| 5:59 | Wisp |
| 5:59 | Wisp |
| 6:04 | Tree of Eternity |
| 6:13 | Moon Well |
| 6:34 | Goblin Shredder |
| 6:44 | Ancient of Lore |
| 6:53 | Ancient of Lore |
| 6:56 | Mana Burn |
| 7:12 | Ancient of Lore |
| 7:17 | Black Arrow |
| 7:18 | Silence |
| 7:46 | Tree of Life |
| 8:24 | Ancient of Wonders |
| 8:27 | Druid of the Claw Adept Training |
| 8:28 | Druid of the Claw |
| 8:34 | Evasion |
| 9:05 | Staff of Teleportation |
| 9:15 | Boots of Speed |
| 9:16 | Druid of the Claw Master Training |
| 9:30 | Dryad |
| 9:56 | Mark of the Claw |
| 10:02 | Wisp |
| 10:02 | Wisp |
| 10:18 | Well Spring |
| 10:19 | Reinforced Hides |
| 10:25 | Abolish Magic |
| 10:33 | Silence |
| 10:50 | Wisp |
| 10:58 | Mana Burn |
| 11:06 | Hardened Skin |
| 11:06 | Resistant Skin |
| 11:37 | Scroll of Healing |
| 11:38 | Potion of Lesser Invulnerability |
| 11:46 | Wisp |
| 12:07 | Wisp |
| 12:18 | Improved Reinforced Hides |
| 12:52 | Druid of the Claw |
| 12:52 | Druid of the Claw |
| 13:36 | Ancient of Wonders |